 Dungeon Crawl Stone Soup version 0.30.1 (webtiles) character file.

Game seed: 6665154185848553403

4426 Fodor the Carver (level 10, -13/90 HPs)
             Began as a Minotaur Fighter on July 12, 2023.
             Mangled by an orc warrior
             ... wielding a +0 glaive
              (16 damage)
             ... in a bailey.
             The game lasted 00:37:02 (6580 turns).

Fodor the Carver (Minotaur Fighter)                 Turns: 6580, Time: 00:37:02

Health: -13/90     AC: 18    Str: 25    XL:     10   Next: 14%
Magic:  9/9        EV:  9    Int:  5    God:
Gold:   447        SH:  6    Dex: 16    Spells: 9/9 levels left

rFire   . . .        t - +8 autumn katana {manifold assault}
rCold   x . .        c - +0 buckler
rNeg    + . .        B - +0 chain mail
rPois   +            (helmet restricted)
rElec   .            p - scarf {+Inv}
rCorr   .            m - +0 pair of gloves
SInv    .            z - +0 pair of boots
Will    .....        (no amulet) Stlth
                     I - ring "Focojat" {rPois rC- rN+ AC+4}
HPRegen 0.35/turn    G - +6 ring of dexterity
MPRegen 0.11/turn

%: no passive effects
@: hasted, very quick
A: horns 2, retaliatory headbutt
a: Evoke Invisibility


You were in a bailey.
You visited 2 branches of the dungeon, and saw 9 of its levels.
You also visited: Sewer and Bailey.

You collected 447 gold pieces.

Inventory:

Hand Weapons
 t - the +8 autumn katana (weapon) {manifold assault}
   (You found it on level 2 of the Dungeon)
 H - a +0 shortbow
 K - a +2 double sword
Missiles
 g - 10 boomerangs (quivered)
 i - 2 atropa-tipped darts
 y - 18 poisoned darts
 A - 14 javelins
 E - a throwing net
Armour
 c - a +0 buckler (worn)
 m - a +0 pair of gloves (worn)
 p - a scarf of invisibility (worn)
 z - a +0 pair of boots (worn)
 B - a +0 chain mail (worn)
Jewellery
 F - a +6 ring of intelligence
 G - a +6 ring of dexterity (right hand)
 I - the ring "Focojat" (left hand) {rPois rC- rN+ AC+4}
   (You found it on level 6 of the Dungeon)

   [ring of protection]

   AC:        It affects your AC (+4).
   rC:        It makes you vulnerable to cold.
   rPois:     It protects you from poison.
   rN:        It protects you from negative energy.
Wands
 w - a wand of charming (24)
 L - a wand of iceblast (15)
Scrolls
 a - a scroll of enchant armour
 e - 5 scrolls of blinking
 f - 3 scrolls of amnesia
 j - 5 scrolls of fog
 l - 2 scrolls of poison
 n - 2 scrolls of immolation
 o - a scroll of noise {unknown}
 s - 2 scrolls of silence
 x - 4 scrolls of teleportation
 C - 2 scrolls of fear
 M - a scroll of vulnerability {unknown}
Potions
 b - 2 potions of ambrosia {unknown}
 d - 6 potions of might
 h - 3 potions of invisibility {unknown}
 k - 5 potions of heal wounds {unknown}
 q - 8 potions of haste
 r - 7 potions of curing
 u - 3 potions of degeneration {unknown}
 v - 3 potions of attraction {unknown}
 D - 3 potions of lignification {unknown}
 J - a potion of berserk rage {unknown}
 N - a potion of magic {unknown}
 O - a potion of cancellation {unknown}
 P - a potion of experience
 Q - a potion of brilliance {unknown}
 R - a potion of resistance {unknown}


   Skills:
 + Level 8.9 Fighting
 + Level 12.0 Long Blades
 + Level 1.2 Throwing
 + Level 9.0 Armour
 + Level 1.7 Dodging
 + Level 1.4 Stealth
 + Level 6.2 Shields


You had 9 spell levels left.
You didn't know any spells.
Your spell library contained the following spells:

 Spells                   Type           Power      Damage    Failure   Level
 Sandblast                Erth           0%         2d4       95%         1
 Lesser Beckoning         Tloc           0%         N/A       99%         2
 Passwall                 Tmut/Erth      0%         N/A       99%         2
 Gell's Gravitas          Tloc           0%         N/A       100%        3
 Stone Arrow              Conj/Erth      0%         3d7       100%        3
 Teleport Other           Tloc           0%         N/A       100%        3


Dungeon Overview and Level Annotations

Branches:
Dungeon (8/15)             Temple (1/1) D:4           Sewer (visited)
 Bailey (1/1)
   Lair: D:8-11

Altars:
Ashenzari
Cheibriados
Dithmenos
Elyvilon
Fedhas
Kikubaaqudgha
Makhleb
Nemelex Xobeh
Okawaru
Ru
Sif Muna
Trog
Uskayaw
Xom
Yredelemnul
Zin
The Shining One

Shops:
D:5 [

Annotations:
D:4 2 transporters, turdburglar's ghost, amateur DrTm


Innate Abilities, Weirdness & Mutations

You have a pair of horns on your head.
You reflexively headbutt those who attack you in melee.


Message History

The orc warrior closely misses you. You furiously retaliate!
You headbutt the orc warrior.
The orc warrior hits you with a +0 glaive!
* * * LOW HITPOINT WARNING * * *
Items here: ) ? [ †.
You block the orc warrior's attack. The orc warrior barely misses you.
You block the orc warrior's attack.
There is a huge open gate here.
The orc warrior no longer looks unusually strong.
You see here a +0 spear.
The orc warrior no longer looks unusually strong.
Throw: 10 boomerangs
Press: ? - help, Q - select action, (/) - cycle Shift-Dir - straight line, f - orc warrior
Aim: an orc warrior, wielding a +0 glaive and wearing a +0 chain mail (heavily wounded, 61% to hit)
You throw a boomerang.
The boomerang closely misses the orc warrior.
Throw: 10 boomerangs
Press: ? - help, Q - select action, (/) - cycle Shift-Dir - straight line, f - orc warrior
Aim: an orc warrior, wielding a +0 glaive and wearing a +0 plate armour (moderately wounded, 64% to hit)
You throw a boomerang.
The boomerang hits the orc warrior but does no damage.
The orc warrior is moderately wounded.
Throw: 10 boomerangs
Press: ? - help, Q - select action, (/) - cycle Shift-Dir - straight line, f/p - orc warrior
Aim: an orc warrior, wielding a +0 glaive and wearing a +0 plate armour (moderately wounded, 64% to hit)
You throw a boomerang.
The boomerang hits the orc warrior but does no damage.
The orc warrior is moderately wounded.
Throw: 10 boomerangs
Press: ? - help, Q - select action, (/) - cycle Shift-Dir - straight line, f/p - orc warrior
Aim: an orc warrior, wielding a +0 glaive and wearing a +0 plate armour (moderately wounded, 64% to hit)
You throw a boomerang.
The boomerang closely misses the orc warrior.
The boomerang barely misses the orc warrior.
The orc warrior hits you from afar with a +0 glaive!
* * * LOW HITPOINT WARNING * * *
You see here a +0 hand axe.
The orc warrior completely misses you.
The orc warrior hits you from afar with a +0 glaive!
You die...

########### ####### #####
..........###....)#########....
...........'...)...#.....#.....
.???.......'....#.)'.....'...##
..??....).)'.....).'.....'....8
..??.......'....#o.'.....'...##
...........'..@.o..#.....#.....
..........###.....#########....
########### ####### #####


You could see 2 orc warriors.

Vanquished Creatures
  2 orc knights (Bailey)
  Maggie (D:8)
  3 yaks (D:8)
  Menkaure (D:7)
  3 water moccasins
  A sky beast (D:7)
  3 orc warriors (Bailey)
  2 black bears
  2 centaurs
  2 ogres (D:5)
  4 bullfrogs
  A kobold brigand (D:7)
  A gnoll sergeant (D:6)
  5 killer bees (D:8)
  2 gnoll boudas (D:7)
  4 jellies
  5 hounds
  2 sleepcaps (D:6)
  Ijyb (D:3)
  4 orc wizards
  Robin (D:3)
  11 gnolls
  A river rat (D:5)
  9 adders
  A shadow imp (D:6)
  3 worms
  2 dart slugs
  31 orcs
  2 bats
  19 endoplasms
  4 giant cockroaches
  13 goblins (D:3)
  7 hobgoblins
  4 jackals (Sewer)
  23 kobolds
  5 quokkas
  16 ball pythons
  3 frilled lizards
  12 rats
216 creatures vanquished.

Notes
Turn   | Place    | Note
-------+----------+-------------------------------------------
     0 | D:1      | Fodor the Minotaur Fighter began the quest for the Orb.
     0 | D:1      | Reached XP level 1. HP: 19/19 MP: 0/0
   277 | D:1      | Reached XP level 2. HP: 18/27 MP: 1/1
   446 | D:1      | Found a faded altar of an unknown god.
   955 | D:2      | Reached XP level 3. HP: 26/33 MP: 2/2
  1240 | D:2      | Reached skill level 3 in Long Blades
  1401 | D:2      | Found the +8 autumn katana {manifold assault}
  1689 | D:3      | Noticed Ijyb
  1699 | D:3      | Killed Ijyb
  1700 | D:3      | Reached XP level 4. HP: 30/40 MP: 3/3
  1934 | D:3      | Reached skill level 4 in Long Blades
  1950 | D:3      | Noticed Robin
  1963 | D:3      | Killed Robin
  1964 | D:3      | Reached XP level 5. HP: 39/46 MP: 4/4
  1965 | D:3      | Reached skill level 1 in Throwing
  2207 | D:3      | Reached skill level 5 in Long Blades
  2229 | D:3      | Reached XP level 6. HP: 35/53 MP: 5/5
  2478 | D:4      | Reached skill level 5 in Armour
  2601 | D:4      | Found a staircase to the Ecumenical Temple.
  2610 | Temple   | Entered the Ecumenical Temple
  2730 | D:4      | Found a transporter.
  2730 | D:4      | Noticed turdburglar's ghost (amateur DrTm)
  2730 | D:4      | Noticed a wyvern
  2768 | D:4      | Found a transporter.
  2773 | D:4      | Found a burning altar of Makhleb.
  3026 | D:5      | Entered Level 5 of the Dungeon
  3043 | D:5      | Reached skill level 5 in Fighting
  3069 | D:5      | Found a blossoming altar of Fedhas.
  3093 | D:5      | Found a glowing silver altar of Zin.
  3110 | D:5      | Found a glowing golden altar of the Shining One.
  3133 | D:5      | Found a shimmering blue altar of Sif Muna.
  3211 | D:5      | Identified the +3 ring mail of Fashionability {rPois
                  | Stlth+}
  3274 | D:5      | Reached skill level 6 in Long Blades
  3279 | D:5      | Found Pualom's Armour Shoppe.
  3400 | D:5      | Reached XP level 7. HP: 52/61 MP: 6/6
  3403 | D:5      | Reached skill level 7 in Long Blades
  3514 | D:5      | Found a glowing drain.
  3535 | Sewer    | Entered a sewer
  3601 | Sewer    | Reached skill level 1 in Stealth
  4201 | D:6      | Identified the ring "Focojat" {rPois rC- rN+ AC+4}
  4246 | D:6      | Reached skill level 8 in Long Blades
  4432 | D:6      | Reached XP level 8. HP: 69/71 MP: 7/7
  4929 | D:6      | Found a shadowy altar of Dithmenos.
  4947 | D:6      | Found a broken altar of Ashenzari.
  5031 | D:6      | Found a sparkling altar of Nemelex Xobeh.
  5324 | D:7      | Reached skill level 9 in Long Blades
  5497 | D:7      | Noticed Menkaure
  5510 | D:7      | Killed Menkaure
  5511 | D:7      | Reached skill level 5 in Shields
  5729 | D:7      | Reached XP level 9. HP: 79/79 MP: 8/8
  5955 | D:8      | Reached skill level 10 in Long Blades
  5955 | D:8      | Reached skill level 1 in Dodging
  6130 | D:8      | Found a flagged portal.
  6132 | D:8      | Noticed Maggie
  6141 | D:8      | Killed Maggie
  6142 | D:8      | Reached skill level 11 in Long Blades
  6153 | Bailey   | Entered a bailey
  6325 | Bailey   | Noticed an orc knight
  6343 | Bailey   | Killed an orc knight
  6344 | Bailey   | Reached XP level 10. HP: 31/90 MP: 9/9
  6538 | Bailey   | Noticed an orc knight
  6550 | Bailey   | Killed an orc knight
  6551 | Bailey   | Reached skill level 12 in Long Blades
  6571 | Bailey   | HP: 1/90 [orc warrior/+0 glaive (9)]
  6580 | Bailey   | Mangled by an orc warrior

Illustrated notes

Levels and vault maps discovered:
D:1:      dpeg_arrival_oval, layout_basic, nicolae_ecumenical_snake_handling
D:2:      layout_basic, minivault_5
D:3:      cheibrodos_fertilizer, layout_rooms, st_stairs_9, patterned_corridor,
          uniq_robin, uniq_ijyb
D:4:      layout_cave_pools, lightli_temple_of_fire, minmay_temple_entry_fiery,
          gammafunk_ghost_arena, dk_noncrumbling_2, corexii_corridor_pit
D:5:      layout_basic, nicolae_overflow_quartered_altars, portal_sewer_entry_e,
          nicolae_inconvenience_store
D:6:      layout_loops_ring, mainiacjoe_overflow_swirl,
          nemelex_spade_bored_becter, serial_aquarium, aquarium_bridge_square
          [aquarium_subvault_wall, aquarium_subvault_wall,
          aquarium_subvault_bridge, aquarium_subvault_wall],
          aquarium_window_corridor_1, aquarium_window_fake, aquarium_window_1,
          aquarium_window_2, aquarium_view_2e, aquarium_balcony_3b
D:7:      layout_rooms, nrook_uturn, uniq_menkaure
D:8:      layout_loops_ring, old_standard_altar,
          nicolae_wu_jian_immortal_techniques, enter_bailey_2, uniq_amaemon,
          uniq_maggie
Temple:   kb_temple_of_zot
Bailey:   bailey_polearm_5, bailey

Skill      XL: |  1  2  3  4  5  6  7  8  9 10 |
---------------+-------------------------------+-----
Shields        | 4 5 6 |  6.2
Armour         | 4 5 6 7 8 9 |  9.0
Fighting       | 4 5 6 7 8 |  8.9
Long Blades    | 3 4 5 6 8 9 11 12 | 12.0
Throwing       | 1 |  1.2
Stealth        | 1 |  1.4
Dodging        | 1 |  1.7

Action                     |  1- 3 |  4- 6 |  7- 9 | 10-12 || total
---------------------------+-------+-------+-------+-------++-------
  Melee: Long sword        |    67 |       |       |       ||    67
         Headbutt          |    15 |     5 |    30 |     2 ||    52
         Katana            |    21 |   112 |   202 |    10 ||   345
  Throw: Boomerang         |    11 |       |     4 |     4 ||    19
    Use: Scroll            |       |     4 |     7 |       ||    11
         Potion            |       |       |       |     2 ||     2
 Armour: Scale mail        |    33 |    14 |       |       ||    47
         Chain mail        |       |    28 |   131 |     4 ||   163
  Dodge: Dodged            |    53 |    46 |    89 |    17 ||   205
  Block: Buckler           |    21 |    24 |    56 |     6 ||   107
